 Dungeon Crawl Stone Soup version 0.28-a0-1080-g05a166d0ed (webtiles) character file.

Game seed: 12816183994855171095

361 ragingrage the Cudgeller (level 6, -6/37 HPs)
             Began as a Gargoyle Warper on Dec 9, 2021.
             Mangled by an ogre (9 damage)
             ... on level 4 of the Dungeon.
             The game lasted 00:05:00 (4767 turns).

ragingrage the Cudgeller (Gargoyle Warper)          Turns: 4767, Time: 00:05:01

Health: -6/37      AC: 10    Str: 15    XL:     6   Next: 66%
Magic:  9/9        EV: 10    Int: 13    God:
Gold:   137        SH:  0    Dex: 11    Spells: 7/9 levels left

rFire   + . .      SeeInvis .   b - +8 flail "Reraon Posesk" {venom, rElec}
rCold   . . .      Faith    .   (no shield)
rNeg    + . .      Spirit   .   q - +0 ring mail {Will+}
rPois   ∞          Reflect  .   j - +0 helmet
rElec   +          Harm     .   (no cloak)
rCorr   .          Rampage  .   (no gloves)
Will    +....                   (no boots)
Stlth   +.........              h - amulet of the acrobat
HPRegen 0.12/turn               k - ring of protection from fire
MPRegen 0.11/turn               (no ring)

@: no status effects
A: sickness immunity, AC +4, negative energy resistance 1, electricity
resistance, torment resistance 1, petrification resistance
a: no special abilities


You were on level 4 of the Dungeon.
You visited 1 branch of the dungeon, and saw 4 of its levels.

You collected 137 gold pieces.

Inventory:

Hand Weapons
 b - the +8 flail "Reraon Posesk" (weapon) {venom, rElec}
   (You found it on level 4 of the Dungeon)

   It poisons the flesh of those it strikes.
   rElec:     It insulates you from electricity.
Missiles
 d - 5 boomerangs of dispersal
 m - a throwing net
 n - 5 stones
 p - 18 poisoned darts (quivered)
 t - 2 boomerangs
Armour
 j - a +0 helmet (worn)
 q - a +0 ring mail of willpower (worn)
Jewellery
 h - an amulet of the acrobat (around neck)
 k - a ring of protection from fire (left hand)
Wands
 w - a wand of polymorph (5)
Scrolls
 c - a scroll of blinking
 e - a scroll of summoning {unknown}
 i - a scroll of magic mapping {unknown}
 l - a scroll of fear {unknown}
 o - a scroll of immolation {unknown}
 r - 2 scrolls of identify
 u - a scroll of fog {unknown}
 v - a scroll of vulnerability {unknown}
Potions
 a - 2 potions of might {unknown}
 f - a potion of lignification {unknown}
 g - 3 potions of mutation
 s - a potion of curing {unknown}


   Skills:
 + Level 3.3 Fighting
 * Level 6.4 Maces & Flails
 - Level 0.8 Throwing
 - Level 1.1 Armour
 - Level 1.5 Dodging
 - Level 2.0 Spellcasting
 - Level 2.6 Translocations


You had 7 spell levels left.
You knew the following spells:

 Your Spells              Type           Power      Damage    Failure   Level
a - Blink                 Tloc           16%        N/A       26%         2

Your spell library contained the following spells:

 Spells                   Type           Power      Damage    Failure   Level
 Shock                    Conj/Air       4%         1d3       45%         1
 Gell's Gravitas          Tloc           8%         N/A       45%         3
 Lesser Beckoning         Tloc           8%         N/A       45%         3
 Teleport Other           Tloc           8%         N/A       45%         3
 Dazzling Flash           Conj/Hex       2%         N/A       83%         3
 Ozocubu's Armour         Ice            1%         N/A       83%         3
 Swiftness                Air            1%         N/A       83%         3
 Airstrike                Air            0%         N/A       99%         4
 Manifold Assault         Tloc           8%         N/A       99%         5
 Agony                    Necr           1%         N/A       100%        5
 Silence                  Hex/Air        0%         N/A       100%        5
 Ozocubu's Refrigeration  Ice            0%         4d5       100%        7


Dungeon Overview and Level Annotations

Branches:
Dungeon (4/15)
 Temple: D:4-7

Altars:
Cheibriados
Dithmenos
Makhleb
Sif Muna
Vehumet
Xom

Annotations:
D:3 2 transporters, ytrimaz's ghost, amateur OpTm


Innate Abilities, Weirdness & Mutations

You are immune to sickness and miasma.
Your stone body is resilient. (AC +4)
You are immune to poison.
You resist negative energy. (rN+)
You are resistant to electric shocks. (rElec)
You are resistant to unholy torment.
You are immune to petrification.


Message History

There are monsters nearby!
There are monsters nearby!
There are monsters nearby!
Throw: 22 darts (poison)
Press: ? - help, Q - select action, (/) - cycle Shift-Dir - straight line, f - ogre
Aim: an ogre, wielding a +0 giant club (72% to hit)
You throw a poisoned dart. The poisoned dart hits the ogre.
The ogre is poisoned.
A scorpion comes into view.
An adder skeleton comes into view.
Throw: 21 darts (poison)
Press: ? - help, Q - select action, (/) - cycle Shift-Dir - straight line, f/p - ogre
Aim: an ogre, wielding a +0 giant club (poisoned, 72% to hit)
You throw a poisoned dart. The poisoned dart hits the ogre.
The ogre looks even sicker.
Throw: 20 darts (poison)
Press: ? - help, Q - select action, (/) - cycle Shift-Dir - straight line, f/p - ogre
Aim: an ogre, wielding a +0 giant club (very poisoned, 72% to hit)
You throw a poisoned dart. The poisoned dart hits the ogre.
The ogre looks even sicker.
Throw: 19 darts (poison)
Press: ? - help, Q - select action, (/) - cycle Shift-Dir - straight line, f/p - ogre
Aim: an ogre, wielding a +0 giant club (lightly wounded, very poisoned, 72% to hit)
You throw a poisoned dart. The poisoned dart hits the ogre.
The ogre looks as sick as possible!
The ogre is lightly wounded.
There is a large open door here.
The iguana closely misses you.
There is a large open door here.
You barely miss the ogre.
The ogre is severely wounded.
The ogre hits you with a +0 giant club!!
Ouch! That really hurt!
You barely miss the ogre.
The ogre is severely wounded.
The ogre hits you with a +0 giant club!
* * * LOW HITPOINT WARNING * * *
You closely miss the ogre.
The ogre is severely wounded.
The ogre hits you with a +0 giant club!
You die...

#####..##.##########
#...$$...#
.......##..........#
#..$..$.(#
....#.)##.########.#
#..$..$(.# ....+.....# #.#
...$$...# ....##.##.# #.#
...(..# ###.....#.# ######.#
.Z..# # #.##..#.#
#...##.######''# #
#.#<#.#.###...##Z.....#..#
###.#.#...#.'...@Ol.......##
......#...#.#...##s....####
.###..#...#.#...##.....#
.#.)..#...#.#...##.....#
##.#..#...#.#...########
...#..#.#>#.#...#
####..#.###.#...#
........[...#####
####....#####


You could see an ogre (very poisoned), a scorpion, an iguana and an adder
skeleton.

Vanquished Creatures
  A necrophage (D:4)
  A scorpion (D:4)
  An orc priest (D:4)
  A bullfrog skeleton (D:4)
  Ijyb (D:4)
  A killer bee zombie (D:3)
  2 gnolls
  3 worms
  8 orcs
  3 endoplasms
  3 giant cockroaches
  7 goblins
  11 hobgoblins
  4 jackals
  2 quokkas (D:2)
  9 ball pythons
  4 bats
  3 frilled lizards
  4 kobolds
  7 rats
76 creatures vanquished.

Notes
Turn   | Place    | Note
-------+----------+-------------------------------------------
     0 | D:1      | ragingrage the Gargoyle Warper began the quest for the Orb.
     0 | D:1      | Reached XP level 1. HP: 12/12 MP: 3/3
   308 | D:1      | Reached XP level 2. HP: 17/17 MP: 5/5
   505 | D:1      | Reached skill level 3 in Maces & Flails
   539 | D:1      | Learned a level 2 spell: Blink
   944 | D:2      | Reached XP level 3. HP: 21/21 MP: 6/6
  1982 | D:2      | Reached skill level 4 in Maces & Flails
  2153 | D:2      | Found a faded altar of an unknown god.
  2301 | D:3      | Found a shimmering blue altar of Sif Muna.
  2301 | D:3      | Found a radiant altar of Vehumet.
  2480 | D:3      | Reached XP level 4. HP: 26/26 MP: 7/7
  2532 | D:3      | Found a transporter.
  2695 | D:3      | Found a burning altar of Makhleb.
  2695 | D:3      | Noticed a balrug
  2698 | D:3      | Noticed a neqoxec
  2698 | D:3      | Noticed a neqoxec
  2755 | D:3      | Found a shadowy altar of Dithmenos.
  3594 | D:3      | Noticed ytrimaz's ghost (amateur OpTm)
  3595 | D:3      | Found a transporter.
  3716 | D:2      | Reached skill level 5 in Maces & Flails
  3716 | D:2      | Reached XP level 5. HP: 3/30 MP: 8/8
  4094 | D:4      | Noticed a necrophage
  4201 | D:4      | Identified the +8 flail "Reraon Posesk" {venom, rElec}
  4349 | D:4      | Killed a necrophage
  4350 | D:4      | Reached skill level 6 in Maces & Flails
  4350 | D:4      | Reached XP level 6. HP: 33/36 MP: 9/9
  4445 | D:4      | Noticed Ijyb
  4452 | D:4      | Killed Ijyb
  4520 | D:4      | Found a snail-covered altar of Cheibriados.
  4546 | D:4      | Found a shimmering altar of Xom.
  4705 | D:4      | Identified the +1 leather armour of Lugun {Int+4}
  4767 | D:4      | Mangled by an ogre

Illustrated notes

Levels and vault maps discovered:
D:1:      sevenhm_arrival_forest_fort_small_3, layout_loops_ring
D:2:      layout_rooms, shapermc_ecumenical_altar_notcrosses,
          serial_bayou_pond_e
D:3:      layout_loops_cross, makhleb_altar_promises_db,
          mainiacjoe_overflow_alcove_2,
          chequers_temple_overflow_statue_of_worship, gammafunk_ghost_mausoleum,
          minmay_misc_feat_rows
D:4:      minmay_polygon_palace, layout_basic,
          mainiacjoe_overflow_large_starburst, hangedman_decor_peaks_small,
          uniq_ijyb

Skill      XL: |  1  2  3  4  5  6 |
---------------+-------------------+-----
Maces & Flails | 3 4 5 6 |  6.4
Fighting       | 3 |  3.3
Throwing       | |  0.8
Armour         | |  1.1
Dodging        | |  1.5
Spellcasting   | |  2.0
Translocations | |  2.6

Action                   |  1- 3 |  4- 6 || total
-------------------------+-------+-------++-------
Melee: Mace              |   151 |    99 ||   250
       Flail             |       |    28 ||    28
Throw: Stone             |    21 |    31 ||    52
       Dart              |       |     4 ||     4
  Use: Scroll            |       |     2 ||     2
Armor: Leather armour    |    67 |       ||    67
       Chain mail        |       |    63 ||    63
       Ring mail         |       |    19 ||    19
Dodge: Dodged            |   118 |    49 ||   167

Table legend: (Time is in decaauts)
 A = Elapsed time spent in this place.
 B = Non-inter-level travel time spent in this place.
 C = Inter-level travel time spent in this place.
 D = Time resting spent in this place.
 E = Time spent auto-exploring this place.
 F = Levels seen in this place.
 G = Mean time per level.
                   A        B        C        D        E       F      G
               +--------+--------+--------+--------+--------+-----+--------+
         Total |   4830 |   4693 |    137 |   1407 |   2422 |   4 | 1207.5 |
       Dungeon |   4830 |   4693 |    137 |   1407 |   2422 |   4 | 1207.5 |
               +--------+--------+--------+--------+--------+-----+--------+

Top non-repeatable levels by time:
     D:2: 1683 daAuts
     D:3: 1283 daAuts
     D:1: 1204 daAuts
     D:4: 659 daAuts
